 Dungeon Crawl Stone Soup version 0.24-a0-784-g601f8f6d22 (webtiles) character file.

Game seed: 14822294762550829460, levelgen mode: deterministic

7604 LabCoat the Severer (level 11, -1/94 HPs)
             Began as a Hill Orc Fighter on Oct 7, 2019.
             Was a Priest of Trog.
             Slain by a four-headed hydra (10 damage)
             ... while paralysed
             ... on level 2 of the Lair of Beasts on Oct 9, 2019.
             The game lasted 00:48:30 (9500 turns).

LabCoat the Severer (Hill Orc Fighter)              Turns: 9500, Time: 00:48:32

Health: -1/94      AC: 16    Str: 23    XL:     11   Next: 17%
Magic:  11/11      EV:  2    Int: 11    God:    Trog [***...]
Gold:   130        SH:  0    Dex:  7    Spells: 10/10 levels left

rFire    x . .     SeeInvis .   y - +0 mace of the Ass {crush, *Drain rPois rC+++ Dex-3}
rCold    + + +     Gourm    .   c - +0 shield
rNeg     . . .     Faith    .   q - +0 plate armour {rC+}
rPois    +         Spirit   .   h - +1 helmet {Int+3}
rElec    .         Reflect  .   (no cloak)
rCorr    .         Harm     .   j - +0 pair of gloves
MR       .....                  (no boots)
Stlth    ..........             (no amulet)
HPRegen  0.25/turn              o - ring of ice
MPRegen  0.12/turn              (no ring)

@: confused, paralysed, lethally poisoned (-1 -> -10), berserk cooldown, slowed,
drained
A: no striking features
a: Berserk, Trog's Hand, Renounce Religion


You were on level 2 of the Lair of Beasts.
You worshipped Trog.
Trog was most pleased with you.
You were very hungry.

You visited 3 branches of the dungeon, and saw 12 of its levels.

You collected 467 gold pieces.
You spent 337 gold pieces at shops.

Inventory:

Hand Weapons
 a - a +1 war axe
 g - a +0 vampiric morningstar
 y - the +0 mace of the Ass (weapon) {crush, *Drain rPois rC+++ Dex-3}
   (You found it on level 4 of the Dungeon)

   It inflicts extra damage upon your enemies.
   It affects your dexterity (-3).
   It renders you almost immune to cold.
   It protects you from poison.
   It causes draining when unequipped.
Missiles
 k - 9 poisoned darts (quivered)
 v - 6 javelins
Armour
 c - a +0 shield (worn)
 h - a +1 helmet of intelligence (worn)
 j - a +0 pair of gloves (worn)
 q - a +0 plate armour of cold resistance (worn)
Jewellery
 o - a ring of ice (left hand)
Wands
 u - a wand of digging (13)
 D - a wand of polymorph (3)
Scrolls
 b - a scroll of identify
 p - 3 scrolls of enchant weapon
 t - 2 scrolls of fog
 w - 3 scrolls of fear
 B - 5 scrolls of remove curse
Potions
 d - 2 potions of might
 e - 2 potions of cancellation
 i - a potion of ambrosia {unknown}
 n - a potion of resistance
 r - a potion of flight
 s - 3 potions of brilliance
 x - 2 potions of agility
 z - 2 potions of invisibility {unknown}
 A - a potion of haste {unknown}
Comestibles
 f - 25 rations
 l - a chunk of flesh


   Skills:
 + Level 8.0(6.9) Fighting
 * Level 15.9(14.5) Axes
 + Level 2.8(1.8) Throwing
 + Level 7.5(6.4) Armour
 + Level 7.2(6.1) Shields


You had 10 spell levels left.
You didn't know any spells.
Your spell library contained the following spells:

 Spells                   Type           Power        Failure   Level  Hunger
 Freeze                   Ice            #...         100%        1    ##.....
 Throw Frost              Conj/Ice       #.....       100%        2    ###....
 Ozocubu's Armour         Chrm/Ice       #.......     100%        3    ####...
 Summon Ice Beast         Ice/Summ       #.......     100%        4    #####..
 Throw Icicle             Conj/Ice       #.......     100%        4    #####..


Dungeon Overview and Level Annotations

Branches:
Dungeon (9/15)             Temple (1/1) D:4            Lair (2/6) D:9
    Orc (0/2) D:9
  Swamp: Lair:2-4    Shoals: Lair:2-4     Snake: Lair:2-4    Spider: Lair:2-4

Altars:
Ashenzari
Cheibriados
Dithmenos
Elyvilon
Fedhas
Gozag
Hepliaklqana
Kikubaaqudgha
Makhleb
Nemelex Xobeh
Okawaru
Qazlal
Ru
Sif Muna
Trog
Uskayaw
Vehumet
Wu Jian
Xom
Yredelemnul
Zin
The Shining One

Shops:
D:5 *   D:8 %:![}   D:9 *

Annotations:
Lair:1 Fannar
Lair:2 Erica


Message History

The four-headed hydra bites you but does no damage. x2
You completely miss something.
You feel sick.
The water moccasin bites you but does no damage.
Something hits you but does no damage.
You are no longer berserk.
You pass out from exhaustion.
You feel yourself slow down.
You feel sick.
The water moccasin bites you but does no damage.
You feel sick.
The water moccasin bites you but does no damage.
The four-headed hydra bites you but does no damage. x4
The water moccasin bites you!
You feel sick. The water moccasin barely misses you.
The four-headed hydra bites you but does no damage.
The four-headed hydra bites you!
* * * LOW HITPOINT WARNING * * *
The four-headed hydra bites you!
* * * LOW HITPOINT WARNING * * *
The four-headed hydra bites you!
You die...

##.#.........#
#P..≈.≈≈≈≈...
#..≈≈≈≈≈≈≈.#
##.≈≈≈≈≈≈≈≈.##
#.≈≈≈≈≈≈≈≈≈≈.#
##.≈≈≈≈≈≈≈≈≈..#
#..≈≈≈≈≈..≈≈#
####.≈≈..<.≈.###.
.......@S........
...?....D........
.................
.......(.........
.................
.................
.#####P##.P###...
## #### ...


You could see a four-headed hydra and a water moccasin.

Vanquished Creatures
  A two-headed ogre (D:8)
  Nergalle (Lair:1)
  A hornet (D:8)
  A hippogriff (D:8)
  3 yaks (Lair:1)
  A wyvern (Lair:1)
  4 hogs (D:7)
  A human (D:7)
  Edmund (D:6)
  Duvessa (D:4)
  2 water moccasins
  2 porcupines (D:9)
  A black bear (D:9)
  A hornet zombie (D:6)
  A sky beast (D:8)
  6 orc warriors
  3 ice beasts
  2 ogres
  2 phantoms (D:9)
  A crocodile (D:8)
  A centaur (D:6)
  A big kobold (D:7)
  5 bullfrogs
  Blork the orc (D:4)
  Dowan (D:4)
  A scorpion (D:8)
  4 wights (D:7)
  5 howler monkeys
  A crimson imp (D:9)
  3 hounds (D:4)
  A quasit (D:6)
  8 orc priests
  A bullfrog skeleton (D:6)
  Ijyb (D:5)
  Terence (D:3)
  14 orc wizards
  6 worker ants
  A killer bee zombie (D:8)
  A hound skeleton (D:3)
  4 gnolls (D:6)
  13 adders
  5 shadow imps
  3 adder zombies
  A dart slug (D:1)
  3 worms
  4 leopard geckos
  43 orcs
  4 giant cockroaches
  13 goblins
  6 hobgoblins
  7 jackals
  5 quokkas
  2 ball pythons
  7 bats
  7 frilled lizards
  13 kobolds
  A leopard gecko zombie (D:8)
  9 rats
243 creatures vanquished.

Vanquished Creatures (others)
  A sky beast (D:8)
  A swamp drake (D:9)
  An orc priest (D:9)
  An orc wizard (D:9)
4 creatures vanquished.

Grand Total: 247 creatures vanquished

Notes
Turn   | Place    | Note
-------+----------+-------------------------------------------
     0 | D:1      | LabCoat the Hill Orc Fighter began the quest for the Orb.
     0 | D:1      | Reached XP level 1. HP: 19/19 MP: 1/1
     0 | D:1      | Upgraded the game from 0.24-a0-778-g74da537585 to
                  | 0.24-a0-779-g36f0aeb843
   210 | D:1      | Reached skill level 3 in Axes
   211 | D:1      | Reached XP level 2. HP: 24/27 MP: 2/2
   658 | D:2      | Reached XP level 3. HP: 26/33 MP: 3/3
   910 | D:2      | Reached skill level 4 in Axes
  1105 | D:2      | Reached XP level 4. HP: 40/40 MP: 4/4
  1446 | D:3      | Reached skill level 5 in Axes
  1578 | D:3      | Noticed Terence
  1590 | D:3      | Killed Terence
  1590 | D:3      | Reached XP level 5. HP: 26/47 MP: 5/5
  1813 | D:3      | Found a shadowy altar of Dithmenos.
  1971 | D:3      | Found a burning altar of Makhleb.
  1975 | D:3      | Noticed a green death
  1977 | D:3      | Found a glowing silver altar of Zin.
  1977 | D:3      | Noticed an angel
  2024 | D:3      | Found a blossoming altar of Fedhas.
  2183 | D:4      | Reached skill level 6 in Axes
  2195 | D:4      | Reached XP level 6. HP: 16/53 MP: 6/6
  2364 | D:4      | You fall into a shaft and drop 3 floors!
  2461 | D:7      | Reached skill level 7 in Axes
  2506 | D:7      | Reached skill level 8 in Axes
  2506 | D:7      | Reached XP level 7. HP: 41/60 MP: 7/7
  2604 | D:6      | Noticed Edmund
  2623 | D:6      | Killed Edmund
  2663 | D:6      | Reached skill level 9 in Axes
  2665 | D:6      | Found a hide-covered altar of Uskayaw.
  2697 | D:6      | Reached skill level 5 in Fighting
  2719 | D:6      | Reached XP level 8. HP: 21/68 MP: 8/8
  2811 | D:5      | Entered Level 5 of the Dungeon
  3004 | D:5      | Reached skill level 10 in Axes
  3152 | D:5      | Found Namaxy's General Store.
  3154 | D:5      | Noticed Ijyb
  3158 | D:5      | Paralysed by Ijyb for 2 turns
  3168 | D:5      | Killed Ijyb
  3184 | D:5      | Bought a scroll of brand weapon for 220 gold pieces
  3231 | D:4      | Found a staircase to the Ecumenical Temple.
  3238 | Temple   | Entered the Ecumenical Temple
  3246 | Temple   | Became a worshipper of Trog the Wrathful
  3448 | D:4      | Noticed Duvessa
  3448 | D:4      | Noticed Dowan
  3458 | D:4      | Killed Duvessa
  3458 | D:4      | Reached skill level 1 in Throwing
  3463 | D:4      | Killed Dowan
  3463 | D:4      | Reached skill level 5 in Shields
  3467 | D:4      | Reached skill level 5 in Armour
  3845 | D:4      | Found a radiant altar of Vehumet.
  4116 | D:4      | Noticed Blork the orc
  4128 | D:4      | Killed Blork the orc
  4304 | D:4      | Found a stormy altar of Qazlal.
  4371 | D:4      | Got an iridescent mace
  4374 | D:4      | Identified the +0 mace of the Ass {crush, *Drain rPois
                  | rC+++ Dex-3} (You found it on level 4 of the Dungeon)
  4600 | D:5      | Reached skill level 11 in Axes
  4806 | D:5      | Found a shimmering altar of Xom.
  5158 | D:6      | Reached * piety under Trog
  5160 | D:6      | Reached XP level 9. HP: 66/74 MP: 9/9
  5611 | D:6      | Found an iron altar of Okawaru.
  5611 | D:6      | Found a shimmering blue altar of Sif Muna.
  5790 | D:7      | Reached skill level 12 in Axes
  6154 | D:7      | Reached skill level 13 in Axes
  6468 | D:7      | Found a snail-covered altar of Cheibriados.
  6514 | D:7      | Reached ** piety under Trog
  6635 | D:7      | Found an opulent altar of Gozag.
  6714 | D:8      | Found Tinkaich's Book Boutique.
  6739 | D:8      | Found Usemil's Food Shop.
  6827 | D:8      | Reached XP level 10. HP: 79/84 MP: 10/10
  6879 | D:8      | Found Waduichi's Distillery.
  6891 | D:8      | Reached skill level 14 in Axes
  6916 | D:8      | Bought a potion of heal wounds for 65 gold pieces
  6916 | D:8      | Bought a potion of agility for 52 gold pieces
  7129 | D:8      | Found Limipt's Gadget Shop.
  7318 | D:8      | Noticed a two-headed ogre
  7334 | D:8      | Killed a two-headed ogre
  7376 | D:8      | Found Wabbezy's Antique Armour Boutique.
  7608 | D:8      | Reached *** piety under Trog
  7935 | D:9      | Reached skill level 15 in Axes
  8210 | D:9      | Found Otidul's Assorted Antiques.
  8321 | D:9      | Found a white marble altar of Elyvilon.
  8470 | D:9      | Found a blossoming altar of Fedhas.
  8992 | D:9      | Found a staircase to the Orcish Mines.
  9076 | D:9      | Found a staircase to the Lair.
  9119 | Lair:1   | Entered Level 1 of the Lair of Beasts
  9119 | Lair:1   | Noticed Nergalle
  9240 | Lair:1   | Killed Nergalle
  9240 | Lair:1   | Reached XP level 11. HP: 94/94 MP: 11/11
  9447 | Lair:1   | Upgraded the game from 0.24-a0-779-g36f0aeb843 to
                  | 0.24-a0-784-g601f8f6d22
  9465 | Lair:1   | Noticed Fannar
  9473 | Lair:2   | Noticed Erica
  9486 | Lair:2   | Noticed a four-headed hydra
  9500 | Lair:2   | Slain by a four-headed hydra

Levels and vault maps discovered:
D:1:      scummos_arrival_simple_fountains, layout_loops_ring,
          minmay_misc_feat_doors
D:2:      layout_loops_ring
D:3:      layout_rooms, grunt_temple_overflow_order_and_chaos_2,
          grunt_dithmenos_smoke_and_mirrors, first_ration,
          fedhas_altar_fruit_tree, uniq_terence
D:4:      layout_loops_corners, fiery_altar_vehumet,
          minmay_temple_entry_overgrown, kennysheep_diamond,
          kennysheep_flooded_box, uniq_blork_the_orc, uniq_duvessa
D:5:      layout_rooms, kennysheep_mini, serial_shops, shop,
          kennysheep_generic_room_3, uniq_ijyb
D:6:      layout_cave_pools, eat_drink_and_be_merry_uskayaw,
          gammafunk_temple_overflow_elements, uniq_edmund
D:7:      layout_rooms, slow_altar_1, marbit_many_paths, grunt_livestock
D:8:      layout_cave_pods, serial_shops, nicolae_shop_waterfront,
          nicolae_shop_competitors_out_of_business, shop, shop, shop,
          minmay_microvault
D:9:      layout_big_octagon, elyvilon_altar_1, nicolae_overflow_crystal_walls,
          grunt_lair_entry_orc_guard_hut, erik_orc_1, serial_shops,
          nicolae_shop_window_shopping, chequers_serial_rivers_micro_e
Temple:   eino_temple_lava
Lair:1:   layout_roguey, ebering_ghost_rock_garden, basic_altar,
          minmay_hedge_maze, grunt_megastairs_3, uniq_nergalle, uniq_gastronok,
          uniq_fannar, uniq_joseph
Lair:2:   layout_chaotic_city, elwin_shoals_entry_rooms,
          infiniplex_staircase_pool, uniq_erica

Skill      XL: |  1  2  3  4  5  6  7  8  9 10 |
---------------+-------------------------------+-----
Axes           | 3 4 5 6 8 9 11 13 15 | 15.9
Fighting       | 4 5 6 8 |  8.0
Shields        | 4 5 6 7 |  7.2
Armour         | 4 5 6 7 |  7.5
Throwing       | 1 2 |  2.8

Action                   |  1- 3 |  4- 6 |  7- 9 | 10-12 || total
-------------------------+-------+-------+-------+-------++-------
Melee: War axe           |   114 |   144 |   365 |   296 ||   919
       Mace              |       |       |     4 |     4 ||     8
Throw: Dart              |     2 |    10 |    36 |    31 ||    79
       Javelin           |       |       |       |     1 ||     1
Invok: Berserk           |       |       |     1 |     6 ||     7
  Use: Scroll            |     5 |     3 |    10 |     5 ||    23
       Potion            |       |       |     4 |     2 ||     6
 Stab: Confused          |       |       |       |     1 ||     1
  Eat: Chunk             |     1 |     3 |    11 |     5 ||    20
       Ration            |       |     1 |     1 |     2 ||     4
Armor: Scale mail        |    49 |    60 |    92 |       ||   201
       Chain mail        |       |       |    37 |       ||    37
       Plate armour      |       |       |    35 |   124 ||   159
Dodge: Dodged            |    31 |    39 |    61 |    47 ||   178
Block: Shield            |    57 |    76 |   162 |   119 ||   414

Table legend:
 A = Non-vault XP
 B = Vault XP
 C = Vault XP percentage of total XP
 D = Non-vault monster count
 E = Vault monster count
 F = Vault count percentage of total count
                 A         B        C        D         E       F
            +---------+---------+-------+---------+---------+-------
      Total |    7357 |    3507 |  32.3 |     210 |      37 |  15.0
            +---------+---------+-------+---------+---------+-------
        D:1 |      29 |       0 |   0.0 |      18 |       0 |   0.0
        D:2 |      67 |       0 |   0.0 |      27 |       0 |   0.0
        D:3 |     126 |      36 |  22.2 |      25 |       1 |   3.8
        D:4 |     340 |     349 |  50.7 |      17 |       4 |  19.0
        D:5 |     236 |      36 |  13.2 |       9 |       1 |  10.0
        D:6 |    1066 |     166 |  13.5 |      32 |       1 |   3.0
        D:7 |     957 |     956 |  50.0 |      30 |       6 |  16.7
        D:8 |    2901 |       3 |   0.1 |      32 |       1 |   3.0
        D:9 |     799 |    1133 |  58.6 |      16 |      22 |  57.9
     Lair:1 |     836 |     828 |  49.8 |       4 |       1 |  20.0
            +---------+---------+-------+---------+---------+-------
